AoeStats
← Kim Jong-un

QS Arena

503263677Analyzed
3v3 RM · 1mo ago on Aug 30, 2026· 55m 27s· 6 players
Game mode
Random Map
Map size
Normal (6 player)
Population
200
Speed
Normal
Resources
Standard
Victory
Conquest
Starting age
Dark Age
Ending age
Imperial Age
RankedLock teamsTeams togetherTeam positionsShared explorationLock speedFull tech treeHidden civsTurbo modeCheats
Victory
Defeat
🇺🇸 Spanish · United States
941
+11
🇲🇰 Bengalis · North Macedonia
918
+12
🇺🇸 Lithuanians · United States
886
+14
🇨🇱 Malay · Chile
872
-14
🇨🇱 Franks · Chile
838
-13
🇨🇱 Chinese · Chile
797
-11
Quilted Codpiece
7:32 Feudal Age
8:02 Loom
9:29 Town Watch
12:07 Castle Age
10:15 Double-Bit Axe
13:08 Horse Collar
15:27 Light Cavalry
22:35 Bloodlines
23:01 Bow Saw
24:05 Heavy Plow
24:42 Scale Barding Armor
24:48 Forging
26:22 Chain Barding Armor
26:07 Husbandry
31:20 Hill Forts
31:59 Wheelbarrow
32:04 Iron Casting
34:23 Imperial Age
32:12 Gold Mining
34:43 Hand Cart
34:45 Cavalier
36:11 Fortified Wall
35:58 Murder Holes
36:19 Masonry
36:16 Paladin
37:54 Plate Barding Armor
37:45 Conscription
38:14 Ballistics
38:37 Block Printing
38:11 Winged Hussar
39:59 Chemistry
45:46 Sanctity
47:03 Fletching
47:15 Scale Mail Armor
47:15 Padded Archer Armor
48:54 Two-Man Saw
48:28 Crop Rotation
48:41 Elite Skirmisher
49:27 Thumb Ring
49:22 Bodkin Arrow
49:42 Leather Archer Armor
49:43 Chain Mail Armor
49:05 Elite Leitis
49:49 Tower Shields
51:04 Pikeman
51:44 Squires
51:30 Arson
52:18 Ring Archer Armor
51:49 Bracer
52:55 Architecture
53:00 Bombard Tower
52:24 Halberdier
plwhaley
8:49 Feudal Age
15:04 Castle Age
21:20 Horse Collar
21:58 Double-Bit Axe
27:51 Wheelbarrow
28:04 Caravan
29:43 Hand Cart
29:33 Padded Archer Armor
29:35 Fletching
31:42 Heavy Plow
31:58 Bow Saw
36:19 Imperial Age
34:01 Forging
33:52 Scale Mail Armor
34:00 Scale Barding Armor
33:50 Bodkin Arrow
34:20 Leather Archer Armor
36:05 Ballistics
35:55 Fortified Wall
36:13 Chain Barding Armor
36:29 Iron Casting
36:23 Elite Conquistador
37:25 Conscription
38:00 Ring Archer Armor
37:36 Bracer
38:09 Cavalier
39:23 Paladin
40:04 Husbandry
40:14 Bloodlines
40:53 Plate Barding Armor
41:18 Blast Furnace
43:24 Chemistry
54:55 Town Watch
54:55 Loom
55:43 Coinage
55:33 Guilds
Player
9:27 Feudal Age
9:48 Horse Collar
9:54 Double-Bit Axe
15:45 Castle Age
15:19 Gold Mining
15:49 Forging
15:45 Scale Barding Armor
16:42 Bow Saw
19:30 Wheelbarrow
20:22 Heavy Plow
20:25 Loom
21:02 Stone Mining
21:26 Husbandry
21:40 Bloodlines
22:42 Iron Casting
24:42 Chain Barding Armor
24:30 Caravan
26:39 Fletching
27:06 Squires
26:28 Pikeman
31:15 Imperial Age
29:03 Hand Cart
28:35 Town Watch
29:00 Paiks
30:44 Gold Shaft Mining
30:42 Bodkin Arrow
30:48 Scale Mail Armor
30:11 Man-at-Arms
30:40 Gambesons
30:41 Arson
31:04 Treadmill Crane
31:37 Fortified Wall
31:39 Elite Battle Elephant
33:21 Blast Furnace
32:57 Plate Barding Armor
32:23 Bracer
32:41 Chain Mail Armor
33:31 Chemistry
32:53 Ballistics
34:36 Two-Man Saw
34:18 Crop Rotation
34:19 Conscription
39:48 Murder Holes
42:10 Halberdier
42:30 Onager
44:46 Bracer
44:47 Padded Archer Armor
44:32 Elite Skirmisher
44:42 Elite Elephant Archer
47:08 Leather Archer Armor
48:24 Siege Engineers
50:08 Mahayana
AleX
7:29 Feudal Age
7:15 Horse Collar
7:23 Double-Bit Axe
16:35 Castle Age
15:20 Stone Mining
17:25 Stone Shaft Mining
19:26 Gold Mining
21:29 Gold Shaft Mining
22:23 Forging
22:57 Arson
24:38 Squires
26:17 Wheelbarrow
27:56 Heavy Plow
28:25 Hand Cart
28:30 Pikeman
30:27 Iron Casting
30:15 Bow Saw
30:59 Thumb Ring
32:32 Elite Skirmisher
33:20 Husbandry
33:41 Loom
36:27 Imperial Age
33:51 Loom
36:32 Crop Rotation
35:47 Halberdier
38:02 Blast Furnace
36:58 Town Watch
37:39 Conscription
49:17 Capped Ram
Xi Jinping
0:43 Loom
9:13 Feudal Age
9:40 Double-Bit Axe
9:38 Horse Collar
18:28 Wheelbarrow
18:06 Stone Mining
18:08 Gold Mining
19:26 Fletching
19:36 Padded Archer Armor
21:59 Castle Age
22:41 Pikeman
23:08 Arson
23:23 Squires
22:45 Man-at-Arms
24:49 Bow Saw
24:50 Heavy Plow
25:13 Elite Skirmisher
31:10 Thumb Ring
36:00 Imperial Age
33:48 Hand Cart
33:59 Leather Archer Armor
34:11 Ballistics
35:38 Bodkin Arrow
35:56 Forging
35:46 Scale Mail Armor
38:21 Bracer
38:51 Ring Archer Armor
38:58 Iron Casting
38:38 Chain Mail Armor
39:38 Chemistry
38:31 Halberdier
42:57 Elite Chu Ko Nu
49:08 Two-Man Saw
53:02 Blast Furnace
52:32 Plate Mail Armor
Kim Jong-un
0:39 Loom
8:35 Feudal Age
9:38 Double-Bit Axe
18:12 Castle Age
16:39 Scale Barding Armor
17:25 Forging
18:51 Scale Mail Armor
19:28 Light Cavalry
24:03 Gold Mining
25:53 Wheelbarrow
25:16 Town Watch
27:12 Bow Saw
27:24 Hand Cart
31:56 Imperial Age
29:43 Husbandry
31:05 #83
31:11 Chain Barding Armor
31:28 Iron Casting
30:22 Pikeman
32:54 Cavalier
34:20 Town Patrol
34:44 Conscription
33:50 Halberdier
34:19 Arson
35:05 Squires
35:21 Chivalry
38:23 Gold Shaft Mining
38:51 Blast Furnace
38:07 Chain Mail Armor
40:03 Chemistry
43:52 Ballistics
43:59 Elite Throwing Axeman
47:43 Plate Mail Armor
Connection lost

Rejoining the realm…

Still unreachable

The connection could not be restored.

Session expired

The server has moved on; the page needs a fresh start.